 Dungeon Crawl Stone Soup version 0.20.1-1-g8b1a95d (webtiles) character file.

271 pstr the Digger (level 6, -1/50 HPs)
             Began as a Naga Earth Elementalist on Feb 19, 2018.
             Was an Initiate of Nemelex Xobeh.
             Slain by hilaritas's ghost (11 damage)
             ... on level 4 of the Dungeon.
             The game lasted 00:12:01 (5441 turns).

pstr the Digger (Naga Earth Elementalist)           Turns: 5441, Time: 00:12:01

Health: -1/50      AC:  3    Str: 11    XL:     6   Next: 23%
Magic:  11/11      EV: 10    Int: 17    God:    Nemelex Xobeh [......]
Gold:   82         SH:  0    Dex: 11    Spells: 8/12 levels left

rFire    . . .     SeeInvis +   (no weapon)
rCold    . . .     Gourm    .   (no shield)
rNeg     . . .     Faith    .   c - +0 robe
rPois    +         Spirit   .   (no helmet)
rElec    .         Reflect  .   (no cloak)
rCorr    .         Harm     .   (no gloves)
MR       .....                  (no barding)
Stlth    ++........             (no amulet)
Regen    0.2/turn               (no ring)
MPRegen  0.2/turn               (no ring)

@: flying, very slightly contaminated, very slow
A: see invisible, deformed body, poison resistance, slowness 2, slow metabolism
1, spit poison 1, AC +2
a: Spit Poison, Renounce Religion


You were on level 4 of the Dungeon.
You worshipped Nemelex Xobeh.
Nemelex Xobeh was noncommittal.
You were not hungry.

You visited 1 branch of the dungeon, and saw 4 of its levels.

You collected 82 gold pieces.

Inventory:

Missiles
 a - 72 arrows
 w - 10 stones (quivered)
Armour
 c - a +0 robe (worn)
 l - a +1 buckler of protection
 o - a +0 leather armour
Wands
 y - a wand of digging (12/24)
Scrolls
 h - a scroll of recharging
 i - 2 scrolls of enchant weapon
 k - a scroll of remove curse
 r - a scroll of identify
 x - a scroll of amnesia
Potions
 g - a potion of magic {unknown}
 m - a potion of lignification {unknown}
 q - a potion of agility {unknown}
 u - a potion of curing {unknown}
Books
 e - a book of Geomancy

   Spells                             Type                      Level
   a - Sandblast                      Earth                        1
   b - Passwall                       Transmutation/Earth          2
   c - Stone Arrow                    Conjuration/Earth            3
   d - Petrify                        Transmutation/Earth          4
   e - Lee's Rapid Deconstruction     Earth                        5
Miscellaneous
 b - a plain deck of destruction {drawn: 4}
Comestibles
 d - 2 bread rations
 f - 4 fruits
 s - a meat ration
 v - 2 chunks of flesh


   Skills:
 + Level 0.4 Fighting
 + Level 1.7 Dodging
 + Level 3.3 Stealth
 + Level 3.9 Spellcasting
 + Level 1.6 Conjurations
   Level 1.0 Transmutations
 + Level 5.0 Earth Magic


You had 8 spell levels left.
You knew the following spells:

 Your Spells              Type           Power        Failure   Level  Hunger
a - Sandblast             Erth           ###...       1%          1    None
b - Stone Arrow           Conj/Erth      ##....       12%         3    ###....


Dungeon Overview and Level Annotations

Branches:
Dungeon (4/15)             Temple (0/1) D:4

Altars:
Hepliaklqana
Kikubaaqudgha
Nemelex Xobeh
Ru
Trog
Xom

Annotations:
D:4 hilaritas's ghost, amateur FeIE


Innate Abilities, Weirdness & Mutations

You cannot wear boots.
Your serpentine skin is tough. (AC +2)
You have supernaturally acute eyesight. (SInv)
Armour fits poorly on your strangely shaped body.
Your system is resistant to poisons. (rPois)
You cover ground very slowly.
You have a slow metabolism.
You can spit poison.


Message History

Hilaritas's ghost hits you!
The river rat bites you but does no damage.
As you read the scroll labeled FOTAMU BOWI, it crumbles to dust.
It is a scroll of identify.
x - a scroll of amnesia Hilaritas's ghost whispers, "Death is liberation."
Hilaritas's ghost hits you. The river rat completely misses you.
As you read the scroll labeled JINKERIEXO, it crumbles to dust.
It is a scroll of enchant armour.
Your shiny buckler glows green for a moment.
Hilaritas's ghost hits you!
* * * LOW HITPOINT WARNING * * *
The river rat closely misses you.
Okay, then.
The river rat bites you.
* * * LOW HITPOINT WARNING * * *
There is an open door here.
Hilaritas's ghost hits you!
You die...
Your body disappears without a glow.

##.###.#####.## ###...#### *
.......# #.# *#.#.#<## * ##.#####
#.# #.##.##.# * #.# ##+##
#.*#.##.# * ##.# ##...##
#,*#.##.# * ...# ##.....##
**.#.#.## * ...## ##.......##
**.#...#*****
....####.........####...≈≈.≈≈**,*
.......'........@Wr.g..≈≈≈≈≈*≈,,,
.....###.........#b##≈≈≈≈≈≈≈*≈≈≈*
#..#.# ##.......##.#≈≈≈#≈≈≈≈≈≈*≈≈
#.##.# ##.....####.≈≈≈≈≈≈≈≈≈≈≈≈≈
#.##.# ##...## **≈≈≈≈≈#≈≈≈≈≈≈≈≈
).##.# ##'## *≈≈≈≈,≈≈≈≈≈≈≈*≈≈
.###.# #.# **≈≈≈.#≈≈,,,≈,,,≈
>....# #.# *,,≈≈$.,,,<,,,,,≈
.##### ***#.#***,≈≈≈,,≈≈,,8*≈,≈≈


You could see hilaritas's ghost, a river rat, a goblin and a bat.

Vanquished Creatures
  A bullfrog (D:3)
  An orc wizard (D:3)
  Natasha (D:2)
  4 adders
  An ooze (D:1)
  5 worms
  2 dart slugs
  5 leopard geckos
  5 orcs (D:3)
  A ball python (D:2)
  5 giant cockroaches
  4 goblins
  11 hobgoblins
  7 jackals
  5 kobolds
  A quokka (D:4)
  11 bats
  4 frilled lizards
  10 rats
84 creatures vanquished.

Notes
Turn   | Place    | Note
-------+----------+-------------------------------------------
     0 | D:1      | pstr the Naga Earth Elementalist began the quest for the Orb.
     0 | D:1      | Reached XP level 1. HP: 15/15 MP: 3/3
    58 | D:1      | Reached XP level 2. HP: 22/22 MP: 1/5
   584 | D:1      | Reached XP level 3. HP: 27/28 MP: 2/6
  1118 | D:2      | Learned a level 3 spell: Stone Arrow
  1468 | D:2      | Reached skill level 4 in Earth Magic
  1714 | D:2      | Reached XP level 4. HP: 34/36 MP: 1/8
  2380 | D:2      | Noticed Natasha
  2386 | D:2      | Killed Natasha
  2772 | D:2      | Found a sparkling altar of Nemelex Xobeh.
  2772 | D:2      | Found a sacrificial altar of Ru.
  2773 | D:2      | Found an ancient bone altar of Kikubaaqudgha.
  2821 | D:2      | Found a hazy altar of Hepliaklqana.
  2867 | D:2      | Reached XP level 5. HP: 42/42 MP: 2/9
  2925 | D:2      | Became a worshipper of Nemelex Xobeh the Trickster
  3358 | D:3      | Found a bloodstained altar of Trog.
  3922 | D:3      | Received a gift from Nemelex Xobeh
  4016 | D:3      | Reached skill level 1 in Conjurations
  4057 | D:3      | Reached XP level 6. HP: 12/50 MP: 2/11
  4289 | D:3      | Found a shimmering altar of Xom.
  5172 | D:3      | Reached skill level 5 in Earth Magic
  5422 | D:4      | Noticed hilaritas's ghost (amateur FeIE)
  5441 | D:4      | Slain by hilaritas's ghost

Skill      XL: |  1  2  3  4  5  6 |
---------------+-------------------+-----
Earth Magic    | 4 5 |  5.0
Spellcasting   | 3 |  3.9
Conjurations   | 1 |  1.6
Fighting       | |  0.4
Dodging        | |  1.7
Stealth        | |  3.3
Transmutations | |  1.0

Action                   |  1- 3 |  4- 6 || total
-------------------------+-------+-------++-------
 Cast: Sandblast         |    24 |    26 ||    50
       Stone Arrow       |     7 |    56 ||    63
 Abil: Spit Poison       |    13 |    20 ||    33
Evoke: Deck              |       |     4 ||     4
  Use: Scroll            |       |     6 ||     6
       Potion            |       |     2 ||     2
  Eat: Chunk             |     3 |    17 ||    20
Armor: Robe              |     2 |     7 ||     9
Dodge: Dodged            |    21 |    40 ||    61
